Map: Triton LE

Players

BackupK (Gerald)

  • Race: Protoss Protoss
  • Spawn Location: 5:00

Elazer - Winner!

  • Race: Zerg Zerg
  • Spawn Location: 11:00

VOD

Have the link to the VOD?

Description

Time

  • Played on: Sept. 6, 2019, 1:14 p.m.
  • Length: 7:53
Show
View Real Time Build Order
Export as new Build Order

BackupK Protoss 

Build Orders: 1 Gate Expand, Archon Immortal, Archon Drop 

Get SALT Encoding   

  12  0:00  Probe  
  13  0:12  Probe  
  14  0:20  Pylon  
  14  0:25  Probe  
  14  0:28  Assimilator  
  15  0:35  Probe  
  16  0:43  Probe  
  16  0:45  Gateway  
  17  0:52  Probe  
  18  1:04  Probe  
  19  1:16  Probe  
  20  1:22  Nexus  
  20  1:32  Cybernetics Core  
  20  1:35  Probe  
  20  1:39  Assimilator  
  21  1:47  Probe  
  21  1:50  Pylon  
  22  1:59  Probe  
  22  2:00  Adept  
  23  2:09  Robotics Facility  
  23  2:12  Probe  
  23  2:15  Warp Gate  
  26  2:20  Stalker  
  26  2:24  Probe  
  27  2:36  Probe x2  
  31  2:48  Probe  
  31  2:49  Warp Prism, Probe  
  31  2:50  Adept  
  35  3:03  Probe  
  38  3:06  Probe  
  38  3:11  Pylon  
  39  3:15  Probe  
  39  3:18  Probe  
  41  3:21  Twilight Council  
  41  3:28  Probe  
  41  3:30  Assimilator  
  41  3:32  Probe, Assimilator  
  43  3:39  Pylon  
  43  3:40  Probe  
  44  3:46  Probe  
  45  3:49  Observer  
  45  3:53  Probe  
  47  3:58  Probe  
  48  4:05  Probe  
  49  4:10  Probe  
  49  4:11  Templar Archives  
  49  4:15  Gateway  
  49  4:16  Gateway  
  50  4:17  Immortal  
  50  4:24  Probe  
  55  4:25  Pylon  
  55  4:31  Probe  
  56  4:36  Probe  
  57  4:43  Probe  
  58  4:48  Forge, Probe  
  58  4:49  Immortal  
  61  5:01  High Templar, Protoss Ground Weapons Level 1  
  61  5:02  Probe  
  61  5:05  Gateway  
  62  5:11  High Templar x2  
  66  5:17  Nexus  
  66  5:19  Pylon  
  66  5:20  Archon  
  66  5:23  Probe, Charge  
  66  5:24  Probe  
  66  5:37  Zealot  
  70  5:44  Pylon  
  70  5:47  High Templar  
  70  5:53  Archon  
  70  5:57  Pylon  
  70  6:02  Immortal, Probe x2  
  70  6:04  High Templar  
  78  6:19  Zealot, High Templar  
  78  6:23  Gateway  
  82  6:26  Gateway  
  82  6:30  Shield Battery  
  82  6:32  Sentry  
  81  6:33  Archon  
  81  6:39  Zealot x2  
  85  6:41  Immortal  
  89  6:53  Sentry  
  83  7:00  Zealot x3  
  63  7:21  Zealot  
  60  7:24  Zealot  
  55  7:31  Pylon  
  55  7:33  Pylon  
  55  7:35  Pylon  
Show
View Real Time Build Order
Export as new Build Order

Elazer Zerg - Winner!

Build Orders: Hatch First 

Get SALT Encoding   

  12  0:00  Drone  
  13  0:12  Overlord  
  13  0:16  Drone  
  14  0:30  Drone x2  
  16  0:48  Hatchery  
  15  0:51  Drone  
  15  0:54  Drone  
  17  0:58  Drone  
  18  1:08  Extractor  
  17  1:13  Spawning Pool  
  17  1:16  Drone  
  17  1:19  Drone  
  18  1:28  Drone  
  19  1:39  Drone  
  20  1:49  Drone  
  21  2:00  Queen x2  
  26  2:01  Overlord, Zergling x2  
  26  2:11  Zergling x2  
  26  2:12  Drone  
  29  2:22  Drone  
  29  2:23  Drone  
  29  2:29  Hatchery  
  29  2:32  Drone  
  29  2:33  Drone  
  31  2:39  Queen  
  33  2:44  Metabolic Boost  
  33  2:48  Overlord  
  33  2:53  Drone  
  33  2:54  Drone  
  33  2:56  Drone  
  36  3:08  Drone x2  
  36  3:09  Drone x4  
  42  3:13  Overlord  
  42  3:16  Drone  
  42  3:18  Drone  
  44  3:29  Lair  
  44  3:31  Queen  
  44  3:32  Drone x2  
  44  3:34  Drone  
  49  3:38  Overlord  
  49  3:39  Drone  
  50  3:43  Drone x2  
  50  3:47  Drone x2  
  50  3:48  Drone  
  55  3:49  Drone  
  55  3:54  Extractor  
  54  3:57  Roach Warren, Drone  
  54  3:58  Drone  
  54  3:59  Drone  
  56  4:05  Drone x3  
  56  4:07  Overlord  
  59  4:12  Zergling x2  
  59  4:15  Zergling x4  
  62  4:21  Zergling x2  
  62  4:23  Overlord  
  63  4:24  Drone x2  
  63  4:27  Extractor  
  63  4:28  Drone  
  65  4:32  Drone x2  
  65  4:33  Overlord  
  65  4:37  Overlord  
  67  4:40  Extractor, Drone x3  
  67  4:45  Drone x5, Extractor  
  73  4:48  Glial Reconstitution, Overlord  
  73  4:54  Roach x2  
  73  4:57  Roach x2  
  78  5:00  Overseer  
  78  5:03  Roach  
  78  5:04  Roach x3  
  78  5:06  Overlord  
  86  5:13  Overseer  
  86  5:14  Roach x2  
  86  5:15  Roach x3  
  86  5:19  Overlord  
  86  5:20  Roach x3  
  102  5:23  Roach  
  104  5:32  Roach x2  
  107  5:36  Roach x3  
  113  5:43  Overlord  
  113  5:44  Nydus Network  
  113  5:48  Roach x3  
  117  5:50  Roach  
  117  5:51  Roach  
  117  5:54  Overlord x2  
  117  5:55  Overlord  
  121  6:06  Roach x4  
  121  6:10  Overlord  
  129  6:14  Overlord  
  127  6:20  Nydus Canal  
  127  6:24  Roach x6  
  139  6:28  Roach x2  
  139  6:31  Roach x2  
  143  6:35  Nydus Canal  
  141  6:41  Roach x5  
  141  6:44  Roach  
  149  6:49  Roach x3  
  155  6:54  Roach x2  
  151  7:06  Roach x5  
  151  7:09  Nydus Canal  
  137  7:17  Roach x2  
  133  7:23  Nydus Canal, Roach  
  133  7:26  Roach x4  
  141  7:32  Roach x3  
  146  7:38  Nydus Canal  
  143  7:47  Hatchery  
Tags
 
Add a new tag
Caveats
  • Supply blocks, unpowered buildings, or Contaminate may cause inaccurate times.
  • Supply counts are checked every 10 seconds.